 Dungeon Crawl Stone Soup version 0.18.1-47-g9310371 (console) character file.

510 Kloppie the Chopper (level 7, -3/66 HPs)
             Began as a Naga Berserker on June 14, 2016.
             Was a Priest of Trog.
             Slain by an ogre
             ... wielding a +0 giant club
              (23 damage)
             ... on level 4 of the Dungeon.
             The game lasted 00:05:15 (2645 turns).

Kloppie the Chopper (Naga Berserker)                Turns: 2645, Time: 00:05:16

Health: -3/66      AC:  8    Str: 19    XL:     7   Next: 19%
Magic:  7/7        EV:  5    Int:  8    God:    Trog [***...]
Gold:   138        SH:  0    Dex: 12    Spells: 0 memorised, 6 levels left

rFire  . . .     SeeInvis +     a - +0 hand axe
rCold  . . .     Gourm    .     f - +0 chain mail
rNeg   . . .     Faith    .     (no shield)
rPois  +         Spirit   .     (no helmet)
rElec  .         Dismiss  +     (no cloak)
rCorr  .         Reflect  .     (no gloves)
SustAt .         Harm     .     (no barding)
MR     .....                    g - amulet of dismissal
Stlth  ..........               p - +1 ring of protection
                                (no ring)

@: exhausted, short of breath, slowed, very slow, not resistant to hostile
enchantments, extremely unstealthy
A: see invisible, deformed body, poison resistance, slowness 2, slow metabolism
1, spit poison 2, AC +2
a: Spit Poison, Berserk, Trog's Hand, Burn Spellbooks, Renounce Religion


You were on level 4 of the Dungeon.
You worshipped Trog.
Trog was most pleased with you.
You were very hungry.

You visited 1 branch of the dungeon, and saw 4 of its levels.

You collected 138 gold pieces.

Inventory:

Hand Weapons
 a - a +0 hand axe (weapon)
Armour
 f - a +0 chain mail (worn)
Jewellery
 g - an amulet of dismissal (around neck)
 p - a +1 ring of protection (right hand)
Wands
 s - a wand of teleportation (3/9)
Scrolls
 j - a scroll of immolation {unknown}
 k - a scroll of teleportation {unknown}
 l - a scroll of remove curse {unknown}
 m - 2 scrolls of identify
 q - a scroll of enchant weapon {unknown}
 r - 2 scrolls of amnesia {unknown}
Potions
 b - a potion of mutation
 n - 3 potions of curing
Comestibles
 c - 5 bread rations
 h - a meat ration
 i - 3 beef jerkies


   Skills:
 + Level 4.8 Fighting
 * Level 5.7 Axes
 + Level 3.4 Armour
 - Level 1.5 Dodging


You had 6 spell levels left.
You didn't know any spells.

Dungeon Overview and Level Annotations

Branches:
Dungeon (4/15)
 Temple: D:4-7

Altars:
Dithmenos
Gozag
Nemelex Xobeh
Trog


Innate Abilities, Weirdness & Mutations

You cannot wear boots.
Your serpentine skin is tough (AC +2).
You have supernaturally acute eyesight.
Armour fits poorly on your strangely shaped body.
Your system is resistant to poisons.
You cover ground very slowly.
You have a slow metabolism.
You can spit poison.


Message History

Okay, then.
Drink which item? (? for menu, Esc to quit)
You feel much better. The ogre hits you but does no damage.
Press: ? - help, Shift-Dir - straight line, f/p - ogre
Aim: an ogre, wielding a giant club (heavily wounded)
The splash of poison misses the ogre.
You feel slightly more hungry. The ogre hits you but does no damage.
The ogre hits you with a giant club!
* * * LOW HITPOINT WARNING * * *
Read which item? (? for menu, Esc to quit)
Okay, then.
Drink which item? (? for menu, Esc to quit)
You feel better. The ogre hits you with a giant club.
* * * LOW HITPOINT WARNING * * *
You hit the ogre.
The ogre is severely wounded.
The ogre hits you with a giant club.
* * * LOW HITPOINT WARNING * * *
Drink which item? (? for menu, Esc to quit)
You feel better. The ogre hits you with a giant club!!
You die...

#.. #..# #.# #.......##
#..###..# ##.## #.#####.#
#.......# ##...## #.#
#.#..##.###.###O##### #.####
#..##.....# #.....# #....#
#..######.###.###.# # #....# #
#............####.#.# ##...#
#.#...###########.....#######.##
#...#..........@O...............
#.#...###########.#.#...........
#.#...>...#######.#.#.#######.##
. #.......................# #.##
## #............##.###.##..#
#.## ..........####.##.# #.##..#
#.##
###.......####.##.###.##..###.##
#...........................##
#................##.###.#.####


You could see an ogre.

Vanquished Creatures
  The ghost of tscho the Insei, an amateur MfTm of Nemelex Xobeh (D:4)
  The ghost of tschems the Magician, an amateur HuWz (D:3)
  A hound skeleton (D:4)
  A howler monkey skeleton (D:4)
  3 adders
  An ooze (D:1)
  A worm (D:4)
  2 dart slugs
  2 giant geckos (D:3)
  4 orcs (D:3)
  A ball python (D:1)
  13 bats
  3 giant cockroaches
  9 goblins
  9 hobgoblins
  4 jackals (D:3)
  8 giant newts
  6 kobolds
  11 rats
81 creatures vanquished.

Notes
Turn   | Place    | Note
--------------------------------------------------------------
     0 | D:1      | Kloppie the Naga Berserker began the quest for the Orb.
     0 | D:1      | Reached XP level 1. HP: 21/21 MP: 1/1
   157 | D:1      | Reached XP level 2. HP: 20/28 MP: 2/2
   829 | D:1      | Reached XP level 3. HP: 33/34 MP: 3/3
  1020 | D:2      | Reached ** piety under Trog
  1266 | D:2      | Found an opulent altar of Gozag.
  1267 | D:2      | Found a sparkling altar of Nemelex Xobeh.
  1687 | D:2      | Reached XP level 4. HP: 40/42 MP: 4/4
  1696 | D:2      | Found a bloodstained altar of Trog.
  1837 | D:3      | Noticed tschems's ghost (amateur HuWz)
  1850 | D:3      | Reached *** piety under Trog
  1860 | D:3      | Killed tschems's ghost
  1860 | D:3      | Reached skill level 4 in Axes
  1860 | D:3      | Reached XP level 5. HP: 50/50 MP: 5/5
  1860 | D:3      | Reached XP level 6. HP: 57/57 MP: 6/6
  1964 | D:3      | Found a shadowy altar of Dithmenos.
  2052 | D:3      | Reached skill level 5 in Axes
  2547 | D:4      | Noticed tscho's ghost (amateur MfTm)
  2564 | D:4      | Killed tscho's ghost
  2564 | D:4      | Reached XP level 7. HP: 66/66 MP: 7/7
  2638 | D:4      | HP: 3/66 [ogre/giant club (9)]
  2645 | D:4      | Slain by an ogre

Skill      XL: |  1  2  3  4  5  6 |
---------------+-------------------+-----
Armour         | 2 3 |  3.4
Fighting       | 4 |  4.8
Axes           | 4 5 |  5.7
Dodging        | |  1.5

Action                   |  1- 3 |  4- 6 |  7- 9 || total
-------------------------+-------+-------+-------++-------
Melee: Hand axe          |   154 |   147 |     5 ||   306
Invok: Berserk           |       |     2 |     1 ||     3
       Trog's Hand       |       |     1 |       ||     1
 Abil: Spit Poison       |     1 |       |     2 ||     3
  Use: Scroll            |       |     5 |       ||     5
       Potion            |       |       |     3 ||     3
  Eat: Chunk             |     2 |     4 |     1 ||     7
Armor: Chain mail        |   114 |    98 |     2 ||   214
       Animal skin       |    15 |       |       ||    15
Dodge: Dodged            |    95 |    47 |     2 ||   144
